 Dungeon Crawl Stone Soup version 0.24-a0-479-g9a978d2894 (webtiles) character file.

Game seed: 18328909781992735184

80 pk666 the Magician (level 4, -2/24 HPs)
             Began as a Deep Elf Wizard on July 8, 2019.
             Slain by a hobgoblin
             ... wielding a +0 club
             ... led by Robin
              (4 damage)
             ... on level 2 of the Dungeon.
             The game lasted 00:02:46 (1926 turns).

pk666 the Magician (Deep Elf Wizard)                Turns: 1926, Time: 00:02:47

Health: -2/24      AC:  2    Str:  4    XL:     4   Next: 18%
Magic:  6/13       EV: 13    Int: 24    God:
Gold:   122        SH:  0    Dex: 13    Spells: 4/13 levels left

rFire    . . .     SeeInvis .   e - +0 dagger
rCold    . . .     Gourm    .   (no shield)
rNeg     . . .     Faith    .   a - +0 robe
rPois    .         Spirit   .   b - +0 hat
rElec    .         Reflect  .   (no cloak)
rCorr    .         Harm     .   (no gloves)
MR       .....                  (no boots)
Stlth    ++........             (no amulet)
HPRegen  0.08/turn              (no ring)
MPRegen  0.13/turn              (no ring)

@: very slightly contaminated
A: no striking features
a: no special abilities


You were on level 2 of the Dungeon.
You were not hungry.

You visited 1 branch of the dungeon, and saw 3 of its levels.

You collected 122 gold pieces.

Inventory:

Hand Weapons
 e - a +0 dagger (weapon)
Armour
 a - a +0 robe (worn)
 b - a +0 hat (worn)
Wands
 j - a wand of digging (8)
Scrolls
 c - 2 scrolls of identify {unknown}
 f - a scroll of fear {unknown}
 g - 3 scrolls of enchant weapon {unknown}
 h - 2 scrolls of remove curse {unknown}
 i - a scroll of amnesia {unknown}
 m - a scroll of fog {unknown}
Potions
 k - 2 potions of heal wounds {unknown}
 l - a potion of curing {unknown}
Comestibles
 d - 2 rations
 n - a chunk of flesh


   Skills:
 - Level 3.1 Dodging
 - Level 2.4 Stealth
 + Level 5.1 Spellcasting
 + Level 2.3 Conjurations
   Level 1.1 Summonings
 + Level 1.5 Translocations
 + Level 0.9 Fire Magic
 + Level 0.8 Air Magic
 + Level 0.7 Poison Magic


You had 4 spell levels left.
You knew the following spells:

 Your Spells              Type           Power        Failure   Level  Hunger
a - Magic Dart            Conj           ###.         3%          1    None
b - Blink                 Tloc           N/A          7%          2    None
c - Conjure Flame         Conj/Fire      ##......     13%         3    ##.....
d - Mephitic Cloud        Conj/Pois/Air  ##......     16%         3    ##.....

Your spell library contained the following spells:

 Spells                   Type           Power        Failure   Level  Hunger
 Call Imp                 Summ           ##......     9%          2    None
 Slow                     Hex            #.......     13%         2    None


Dungeon Overview and Level Annotations

Branches:
Dungeon (3/15)

Altars:
Gozag
Kikubaaqudgha

Annotations:
D:3 Jessica, Robin


Message History

You are very lightly contaminated with residual magic.
Your skin tingles.
Casting: Magic Dart (safe; 3% risk of failure)
Confirm with . or Enter, or press ? or * to list all spells.
Aiming: Magic Dart (safe; 3% risk of failure)
Press: ? - help, Shift-Dir - straight line, f/p - hobgoblin
Aim: a hobgoblin, wielding a +0 club (heavily wounded, unusually strong)
The magic dart hits the hobgoblin but does no damage.
The hobgoblin is heavily wounded.
The hobgoblin hits you with a +0 club.
* * * LOW HITPOINT WARNING * * *
Casting: Magic Dart (safe; 3% risk of failure)
Confirm with . or Enter, or press ? or * to list all spells.
Aiming: Magic Dart (safe; 3% risk of failure)
Press: ? - help, Shift-Dir - straight line, f/p - hobgoblin
Aim: a hobgoblin, wielding a +0 club (heavily wounded, unusually strong)
The magic dart hits the hobgoblin.
The hobgoblin is almost dead.
The hobgoblin hits you with a +0 club.
You die...

#### #<.. ### ##########...
############.## #............
#.............######.#######....
#.............)@)....# ### #....
#............#g.#....#######....
#..........#.#..#....+.._..'....
#####.####.#.#.......###.###....
#.# #.#.##....#.# #.# #.... #.#
#.#.###...#.###'###.#.. ######.#
##.#.# #................ ....##.#
#..#.###..#.............
....##.###.##.##...#.............


You could see a hobgoblin.

Vanquished Creatures
  Ijyb (D:3)
  A gnoll (D:1)
  An ooze (D:2)
  2 dart slugs
  2 giant cockroaches
  8 goblins
  7 hobgoblins
  A kobold (D:1)
  2 quokkas (D:2)
  A ball python (D:2)
  3 bats (D:1)
  A frilled lizard (D:3)
  2 rats
32 creatures vanquished.

Notes
Turn   | Place    | Note
-------+----------+-------------------------------------------
     0 | D:1      | pk666 the Deep Elf Wizard began the quest for the Orb.
     0 | D:1      | Reached XP level 1. HP: 10/10 MP: 7/7
   340 | D:1      | Reached XP level 2. HP: 15/15 MP: 7/9
   916 | D:1      | Reached XP level 3. HP: 19/19 MP: 9/11
   920 | D:1      | Learned a level 2 spell: Blink
   924 | D:1      | Learned a level 3 spell: Conjure Flame
   928 | D:1      | Learned a level 3 spell: Mephitic Cloud
  1177 | D:2      | Found an opulent altar of Gozag.
  1319 | D:2      | Reached skill level 5 in Spellcasting
  1365 | D:2      | Found a faded altar of an unknown god.
  1505 | D:2      | Found an ancient bone altar of Kikubaaqudgha.
  1794 | D:3      | Noticed Ijyb
  1817 | D:3      | Noticed Jessica
  1820 | D:3      | Killed Ijyb
  1820 | D:3      | Reached XP level 4. HP: 13/24 MP: 5/13
  1916 | D:3      | Noticed Robin
  1926 | D:2      | Slain by a hobgoblin

Levels and vault maps discovered:
D:1:      dpeg_arrival_orchard, layout_loops_ring
D:2:      layout_rooms, lemuel_doored_altar, kiku_gazebo_pond_becter,
          chequers_ecumenical_altar_simple
D:3:      layout_rooms, grunt_temple_overflow_forces_of_nature,
          gammafunk_temple_overflow_elements, uniq_jessica, uniq_ijyb,
          uniq_robin

Skill      XL: |  1  2  3 |
---------------+----------+-----
Dodging        | 3 |  3.1
Conjurations   | 2 |  2.3
Spellcasting   | 5 |  5.1
Stealth        | |  2.4
Summonings     | |  1.1
Translocations | |  1.5
Fire Magic     | |  0.9
Air Magic      | |  0.8
Poison Magic   | |  0.7

Action                   |  1- 3 |  4- 6 || total
-------------------------+-------+-------++-------
Melee: Unarmed           |    11 |       ||    11
 Cast: Magic Dart        |    77 |    10 ||    87
 Stab: Confused          |     1 |       ||     1
  Eat: Chunk             |     2 |     1 ||     3
Armor: Robe              |     4 |     2 ||     6
       Skin              |     2 |       ||     2
Dodge: Dodged            |    22 |    17 ||    39

Table legend:
 A = Non-vault XP
 B = Vault XP
 C = Vault XP percentage of total XP
 D = Non-vault monster count
 E = Vault monster count
 F = Vault count percentage of total count
                 A         B        C        D         E       F
            +---------+---------+-------+---------+---------+-------
      Total |      70 |      45 |  39.1 |      28 |       4 |  12.5
            +---------+---------+-------+---------+---------+-------
        D:1 |      41 |       0 |   0.0 |      16 |       0 |   0.0
        D:2 |      21 |       6 |  22.2 |       8 |       3 |  27.3
        D:3 |       8 |      39 |  83.0 |       4 |       1 |  20.0
            +---------+---------+-------+---------+---------+-------
